 Dungeon Crawl Stone Soup version bcrawl-1.36.4 (webtiles) character file.

Game seed: 7360506130750497144

339527 Mrkan the Fiendish (level 9, -6/81 HPs)
             Began as a Ghoul Monk on July 24, 2022.
             Was a Priest of Makhleb.
             Mangled by a porcupine (7 damage)
             ... on level 6 of the Dungeon.
             The game lasted 00:14:53 (5136 turns).

Mrkan the Fiendish (Ghoul Monk)                     Turns: 5136, Time: 00:14:54

Health: -6/81      AC: 11    Str: 21    XL:     9   Next: 65%
Magic:  0/14       EV: 10    Int:  5    God:    Makhleb [***...]
Gold:   279        SH:  0    Dex: 18    Spells: 8/8 levels left

rFire    x . .     SeeInvis .     - Claws (20.1)
rCold    + + .     Gourm    .   (no shield)
rNeg     + + +     Faith    .   q - +0 chain mail
rPois    ∞         Spirit   +   r - +0 helmet
rElec    .         Reflect  .   w - +1 cloak
rCorr    .                      (no gloves)
MR       .....                  (no boots)
Stlth    ..........             c - amulet of guardian spirit
HPRegen  0.00/turn              F - ring "Kyat" {Ice Str+3}
MPRegen  0.14/turn              y - +7 ring of dexterity

@: rotting
A: rotting body, claws 1, carnivore, cold resistance 1, negative energy
resistance 3, inhibited regeneration, torment resistance, unbreathing
a: Minor Destruction, Hew, Renounce Religion


You were on level 6 of the Dungeon.
You worshipped Makhleb.
Makhleb was most pleased with you.
You were not hungry.

You visited 2 branches of the dungeon, and saw 8 of its levels.

You collected 279 gold pieces.

Inventory:

Hand Weapons
 b - the +6 whip "Iwunoub" {drain, rN++, unknown}
   (You found it on level 6 of the Dungeon)

   A truly terrible weapon, it drains the life of those it strikes.
   It greatly protects you from negative energy.
Armour
 a - a +0 robe
 q - a +0 chain mail (worn)
 r - a +0 helmet (worn)
 w - a +1 cloak (worn)
Jewellery
 c - an amulet of guardian spirit (around neck)
 t - a +2 ring of protection {unknown}
 v - a +4 ring of protection {unknown}
 y - a +7 ring of dexterity (right claw)
 F - the ring "Kyat" (left claw) {Ice Str+3}
   (You found it on level 5 of the Dungeon)

   [ring of ice]

   It enhances your ice magic.
   It affects your strength (+3).
   It makes you vulnerable to fire.
   It protects you from cold.
Wands
 x - a wand of charming (12)
Scrolls
 d - 6 scrolls of remove curse
 f - a scroll of teleportation
 g - a scroll of immolation {unknown}
 h - 3 scrolls of amnesia
 i - 2 scrolls of identify
 j - 2 scrolls of blinking
 p - a scroll of enchant weapon
Potions
 k - 3 potions of brilliance {unknown}
 l - a potion of berserk rage {unknown}
 m - 4 potions of flight
 n - a potion of curing
 o - a potion of haste {unknown}
 s - 2 potions of heal wounds {unknown}
 u - a potion of mutation {unknown}
 z - 2 potions of degeneration
 C - 2 potions of might {unknown}
Comestibles
 e - 17 rations {!d}


   Skills:
 + Level 7.8 Fighting
 - Level 4.1 Dodging
 - Level 2.4 Stealth
 + Level 8.7 Unarmed Combat
 * Level 8.7 Invocations


You had 8 spell levels left.
You didn't know any spells.
Your spell library was empty.

Dungeon Overview and Level Annotations

Branches:
Dungeon (7/12)             Temple (1/1) D:4
   Lair: D:7-9

Altars:
Ashenzari
Cheibriados
Dithmenos
Elyvilon
Fedhas
Gozag
Kikubaaqudgha
Lugonu
Makhleb
Nemelex Xobeh
Okawaru
Ru
Sif Muna
Trog
Uskayaw
Vehumet
Wu Jian
Xom
Yredelemnul
Zin
The Shining One

Shops:
D:4 *   D:5 [

Annotations:
D:2 Crazy Yiuf


Innate Abilities, Weirdness & Mutations

Your body is rotting away.
You thrive on raw meat.
You are immune to poison.
You have sharp fingernails.
You are carnivorous and can eat meat at any time.
Your flesh is cold resistant. (rC+)
You are immune to negative energy. (rN+++)
You do not regenerate when monsters are visible.
You are immune to unholy pain and torment.
You can survive without breathing.


Message History

The porcupine closely misses you.
A rune on the stairs sparks and fizzles.
You climb upwards.
There is a stone staircase leading down here.
The porcupine bites you.
* * * LOW HITPOINT WARNING * * *
You are struck by the porcupine's spines.
* * * LOW HITPOINT WARNING * * *
You scratch the porcupine.
The porcupine is moderately wounded.
The porcupine bites you.
* * * LOW HITPOINT WARNING * * *
You scratch the porcupine but do no damage.
The porcupine is moderately wounded.
You claw the porcupine!
The porcupine is severely wounded.
Your chain mail prevents you from hitting the porcupine.
The porcupine is severely wounded.
The porcupine bites you!
You die...

...###....##......##### ####
...........######...# ######
.#########.....#...## #....# ##
#### #####....## #....# #
#..#######...########....#
#####......................## ###
.....#........####.#######.# #..
.###.........)####.....###.####..
..###...........@r....>..........
.................##.###..######..
.........#######.##.........)....
.........#### #........#######..
.....###....#########.....>####..
......#####...#######.####....#..
....#.## ###.........#######.#..
###.#..############>#............
#..........## ##.#########....


You could see a porcupine.

Vanquished Creatures
  Grinder (D:4)
  2 hippogriffs (D:6)
  Sigmund (D:2)
  Menkaure (D:5)
  2 porcupines (D:7)
  2 sky beasts
  An orc warrior (D:6)
  2 ogres
  3 bullfrogs
  3 centaurs
  A scorpion (D:6)
  2 orc priests
  A howler monkey (D:6)
  5 crimson imps
  A hound (D:7)
  5 orc wizards
  A jelly (D:5)
  2 iguanas (D:6)
  3 worker ants
  A hound skeleton (D:6)
  A worker ant zombie (D:5)
  5 adders
  2 oozes
  An adder skeleton (D:5)
  4 worms
  2 dart slugs (D:2)
  A leopard gecko (D:4)
  19 orcs
  6 bats
  3 giant cockroaches
  10 hobgoblins
  9 jackals
  9 kobolds
  3 quokkas
  4 ball pythons
  4 frilled lizards
  10 goblins
  11 rats
144 creatures vanquished.

Notes
Turn   | Place    | Note
-------+----------+-------------------------------------------
     0 | D:1      | Mrkan the Ghoul Monk began the quest for the Orb.
     0 | D:1      | Reached XP level 1. HP: 19/19 MP: 1/1
    49 | D:1      | Reached XP level 2. HP: 12/26 MP: 2/2
   583 | D:1      | Reached XP level 3. HP: 25/31 MP: 3/3
   661 | D:1      | Got a coiled granite ring
  1171 | D:2      | Noticed Sigmund
  1311 | D:2      | Reached XP level 4. HP: 25/40 MP: 2/4
  1513 | D:2      | Killed Sigmund
  1514 | D:2      | Reached skill level 5 in Unarmed Combat
  1514 | D:2      | Reached XP level 5. HP: 12/47 MP: 1/5
  1529 | D:2      | Found a runed door.
  1606 | D:2      | Noticed Crazy Yiuf
  1691 | D:2      | Reached XP level 6. HP: 53/53 MP: 6/6
  2192 | D:3      | Identified the cursed ring "Fisepysi" {MP+9 Int-2 Dex+3
                  | Stlth--} (You found it on level 1 of the Dungeon)
  2372 | D:3      | Found a hide-covered altar of Uskayaw.
  2372 | D:3      | Found a glowing golden altar of the Shining One.
  2373 | D:3      | Found a corrupted altar of Lugonu.
  2930 | D:4      | Found a staircase to the Ecumenical Temple.
  2954 | D:4      | Reached skill level 5 in Fighting
  2974 | Temple   | Entered the Ecumenical Temple
  3109 | Temple   | Became a worshipper of Makhleb the Destroyer
  3109 | Temple   | Reached * piety under Makhleb
  3109 | Temple   | Reached ** piety under Makhleb
  3218 | D:4      | Reached XP level 7. HP: 61/61 MP: 7/7
  3233 | D:4      | Found a glowing golden altar of the Shining One.
  3403 | D:4      | Found Zin's Purification Station.
  3406 | D:4      | Found a glowing silver altar of Zin.
  3470 | D:4      | Noticed Grinder
  3480 | D:4      | Killed Grinder
  3582 | D:5      | Entered Level 5 of the Dungeon
  3615 | D:5      | Noticed Menkaure
  3631 | D:5      | Killed Menkaure
  3632 | D:5      | Reached XP level 8. HP: 51/70 MP: 5/10
  3690 | D:5      | Reached skill level 5 in Invocations
  3813 | D:5      | Got a steaming platinum ring
  3871 | D:5      | Identified the ring "Kyat" {Ice Str+3} (You found it on
                  | level 5 of the Dungeon)
  4042 | D:5      | Found Gigoas's Armour Shop.
  4407 | D:6      | Got an encrusted whip
  4422 | D:6      | Noticed a hippogriff
  4438 | D:6      | Killed a hippogriff
  4439 | D:6      | Reached XP level 9. HP: 58/78 MP: 7/13
  4963 | D:6      | Found a snail-covered altar of Cheibriados.
  5069 | D:7      | Reached *** piety under Makhleb
  5118 | D:7      | HP: 2/81 [porcupine (3)]
  5133 | D:6      | HP: 1/81 [porcupine (4)]
  5136 | D:6      | Mangled by a porcupine

Skill      XL: |  1  2  3  4  5  6  7  8  9 |
---------------+----------------------------+-----
Dodging        | 3 4 |  4.1
Unarmed Combat | 4 5 6 7 8 |  8.7
Fighting       | 4 5 7 |  7.8
Invocations    | 4 7 8 |  8.7
Stealth        | |  2.4

Action                   |  1- 3 |  4- 6 |  7- 9 || total
-------------------------+-------+-------+-------++-------
Melee: Unarmed           |   154 |   147 |   216 ||   517
       Punch             |     1 |     4 |    13 ||    18
  Use: Scroll            |       |     2 |    11 ||    13
       Potion            |       |       |     2 ||     2
 Stab: Sleeping          |     3 |     2 |     2 ||     7
       Distracted        |     1 |       |       ||     1
  Eat: Chunk             |    11 |    12 |    15 ||    38
Armor: Robe              |    15 |     9 |    13 ||    37
       Chain mail        |       |       |    13 ||    13
Dodge: Dodged            |    76 |    96 |    95 ||   267
